 Dungeon Crawl Stone Soup version 0.28-a0-1435-g82390b3a13 (webtiles) character file.

Game seed: 4167483814771147678

54 Hasart the Skirmisher (level 3, 0/40 HPs)
             Began as an Ogre Fighter on Jan 9, 2022.
             Frozen to death by an endoplasm (3 damage)
             ... on level 2 of the Dungeon.
             The game lasted 00:03:31 (1312 turns).

Hasart the Skirmisher (Ogre Fighter)                Turns: 1312, Time: 00:03:32

Health: 0/40       AC:  3    Str: 22    XL:     3   Next: 91%
Magic:  3/3        EV:  8    Int:  9    God:
Gold:   36         SH:  7    Dex:  8    Spells: 2/2 levels left

rFire   . . .      SeeInvis .   a - +0 war axe
rCold   . . .      Faith    .   c - +0 kite shield
rNeg    . . .      Spirit   .   b - +0 robe
rPois   .          Reflect  .   (helmet restricted)
rElec   .          Harm     .   (no cloak)
rCorr   .          Rampage  .   (gloves unavailable)
Will    .....                   (boots unavailable)
Stlth   +.........              (no amulet)
HPRegen 0.13/turn               (no ring)
MPRegen 0.08/turn               (no ring)

@: lethally poisoned (0 -> -3)
A: large, unfitting armour, tough skin 1
a: no special abilities


You were on level 2 of the Dungeon.
You visited 1 branch of the dungeon, and saw 2 of its levels.

You collected 36 gold pieces.

Inventory:

Hand Weapons
 a - a +0 war axe (weapon)
Armour
 b - a +0 robe (worn)
 c - a +0 kite shield (worn)
Scrolls
 e - a scroll of identify {unknown}
Potions
 d - a potion of might
 f - a potion of heal wounds {unknown}


   Skills:
 + Level 4.5 Fighting
 * Level 3.0 Axes
 + Level 3.0 Dodging
 + Level 3.0 Shields


You had 2 spell levels left.
You didn't know any spells.
Your spell library was empty.

Dungeon Overview and Level Annotations

Branches:
Dungeon (2/15)

Altars:


Innate Abilities, Weirdness & Mutations

You are too large for most types of armour.
You have tough skin. (AC +1)


Message History

The hobgoblin barely misses you.
You barely miss the adder.
The adder is lightly wounded.
You completely miss the hobgoblin. You hit the dart slug.
You feel sick.
You are no longer poisoned.
The adder closely misses you. You block the dart slug's attack.
You block the hobgoblin's attack. The adder bites you.
You are poisoned.
The adder poisons you! You block the dart slug's attack.
You miss the adder.
The adder is lightly wounded.
You hit the dart slug but do no damage. You closely miss the hobgoblin.
You feel sick. The adder bites you.
You are more poisoned.
The adder poisons you! You block the hobgoblin's attack. The adder bites you.
The hobgoblin hits you. The dart slug launches a dart at you.
The slug dart misses you.
You slash the adder!
You kill the adder!
You barely miss the hobgoblin. You slash the dart slug!
You kill the dart slug!
You feel very sick. The hobgoblin hits you.
* * * LOW HITPOINT WARNING * * *
Your Axes skill increases to level 3!
You slash the hobgoblin!
You kill the hobgoblin!
You barely miss the endoplasm.
You feel sick. The endoplasm hits you.
* * * LOW HITPOINT WARNING * * *
The endoplasm freezes you.
You are frozen.
* * * LOW HITPOINT WARNING * * *
You hit the endoplasm.
The endoplasm is heavily wounded.
* * * LOW HITPOINT WARNING * * *
You feel sick. The endoplasm freezes you.
You are frozen.
You die...

.....##.#.#..
.###. #.#.### .
..#.# # #
##.####.### #. # #
.# #.........
+.#(#)#.+
###########
#..#.#..#.# # #
#..†J.##.# #
#..###@###..# #
#.......[.# #
#####...### #
#..## # #.## # #†#
#.##### ###
#.....##########..
#####.............


You could see an endoplasm.

Vanquished Creatures
  An adder (D:2)
  A dart slug (D:2)
  2 endoplasms (D:1)
  A giant cockroach (D:2)
  7 goblins (D:1)
  2 hobgoblins
  4 jackals (D:1)
  2 quokkas
  3 ball pythons
  7 bats
  3 frilled lizards (D:1)
  3 kobolds (D:1)
  5 rats
41 creatures vanquished.

Notes
Turn   | Place    | Note
-------+----------+-------------------------------------------
     0 | D:1      | Hasart the Ogre Fighter began the quest for the Orb.
     0 | D:1      | Reached XP level 1. HP: 24/24 MP: 1/1
   243 | D:1      | Found a faded altar of an unknown god.
   277 | D:1      | Reached XP level 2. HP: 32/32 MP: 2/2
   578 | D:1      | Reached XP level 3. HP: 33/40 MP: 3/3
  1312 | D:2      | Frozen to death by an endoplasm

Illustrated notes

Levels and vault maps discovered:
D:1:      psy_arrival_statuary, layout_basic,
          hellmonk_ecumenical_altar_arch_garden, chequers_serial_rivers_micro_e,
          chequers_serial_rivers_small_b, feat_on_display
D:2:      layout_loops_ring, minmay_box_of_dots

Skill      XL: |  1  2  3 |
---------------+----------+-----
Shields        | 3 |  3.0
Dodging        | 3 |  3.0
Axes           | 3 |  3.0
Fighting       | |  4.5

Action                   || total
-------------------------++-------
Melee: War axe           ||    94
Armor: Robe              ||    57
Dodge: Dodged            ||    44
Block: Kite shield       ||    57

Table legend: (Time is in decaauts)
 A = Elapsed time spent in this place.
 B = Non-inter-level travel time spent in this place.
 C = Inter-level travel time spent in this place.
 D = Time resting spent in this place.
 E = Time spent auto-exploring this place.
 F = Levels seen in this place.
 G = Mean time per level.
                   A        B        C        D        E       F      G
               +--------+--------+--------+--------+--------+-----+--------+
         Total |   1360 |   1344 |     16 |      0 |   1085 |   2 |  680.0 |
       Dungeon |   1360 |   1344 |     16 |      0 |   1085 |   2 |  680.0 |
               +--------+--------+--------+--------+--------+-----+--------+

Top non-repeatable levels by time:
     D:1: 1128 daAuts
     D:2: 232 daAuts
